 Dungeon Crawl Stone Soup version 0.26-a0-812-g31a745ddcd (webtiles) character file.

Game seed: 8065170760336940776

1111 Dracia the Spear-Bearer (level 8, -1/56 HPs)
             Began as a Merfolk Gladiator on Dec 9, 2020.
             Slain by a bullfrog zombie (2 damage)
             ... on level 6 of the Dungeon.
             The game lasted 00:04:57 (3994 turns).

Dracia the Spear-Bearer (Merfolk Gladiator)         Turns: 3994, Time: 00:04:57

Health: -1/56      AC: 10    Str: 18    XL:     8   Next: 33%
Magic:  8/8        EV: 13    Int:  9    God:
Gold:   323        SH:  0    Dex: 16    Spells: 5/7 levels left

rFire    . . .     SeeInvis .   a - +0 trident
rCold    . . .     Faith    .   (no shield)
rNeg     . . .     Spirit   .   l - +4 ring mail
rPois    +         Reflect  .   c - +0 helmet
rElec    .         Harm     .   i - +2 cloak of Piageq {*Corrode rPois Str+4}
rCorr    .         Rampage  .   h - +0 pair of gloves
MR       .....                  (no boots)
Stlth    +.........             (no amulet)
HPRegen  0.18/turn              (no ring)
MPRegen  0.11/turn              (no ring)

@: corroded
A: change form in water, swift swim, stealthy swim
a: no special abilities


You were on level 6 of the Dungeon.
You visited 1 branch of the dungeon, and saw 8 of its levels.

You collected 323 gold pieces.


   Skills:
 - Level 2.1 Fighting
 + Level 13.6 Polearms
 - Level 2.0 Throwing
 - Level 4.0 Dodging


You had 5 spell levels left.
You knew the following spells:

 Your Spells              Type           Power        Failure   Level
I - Blink                 Tloc           N/A          73%         2

Your spell library contained the following spells:

 Spells                   Type           Power        Failure   Level
 Magic Dart               Conj           #...         58%         1
 Call Imp                 Summ           #.......     73%         2
 Slow                     Hex            #.......     73%         2
 Conjure Flame            Conj/Fire      #.......     91%         3
 Mephitic Cloud           Conj/Pois/Air  #.......     91%         3

Inventory:

Hand Weapons
 a - a +0 trident (weapon)
Missiles
 d - 5 throwing nets {=f=f}
 g - 19 poisoned darts (quivered)
Armour
 b - a +0 leather armour
 c - a +0 helmet (worn)
 h - a +0 pair of gloves (worn)
 i - the +2 cloak of Piageq (worn) {*Corrode rPois Str+4}
   (You found it on level 4 of the Dungeon)

   It affects your strength (+4).
   It protects you from poison.
   It may corrode you when you take damage.
 l - a +4 ring mail (worn)
Wands
 t - a wand of iceblast (7)
Scrolls
 e - 5 scrolls of identify {@r1@r1}
 f - a scroll of remove curse {@r2@r2}
 j - a scroll of teleportation {unknown}
 n - 2 scrolls of amnesia
 p - a scroll of fog {unknown}
 q - a scroll of blinking {unknown}
Potions
 k - 4 potions of curing {@q1@q1}
 o - a potion of cancellation {unknown}
 r - 2 potions of lignification {unknown}
 s - a potion of magic

Dungeon Overview and Level Annotations

Branches:
Dungeon (8/15)
 Temple: D:4-7         Lair: D:8-11

Altars:
Gozag
Hepliaklqana
Kikubaaqudgha
Makhleb
Xom
The Shining One

.............##
..............#
..............#
..............#
..............#
..............#
.............#
$............#
.......Z@...##
.......)o...#
......)....##
.>.........#
............#
.........###.#
.........# ##
........##
#...#####


You could see an orc warrior and a bullfrog zombie.


Message History

The orc warrior barely misses you. The bullfrog zombie hits you.
* * * LOW HITPOINT WARNING * * *
Things that are here:
a +0 flail; a +0 chain mail; an orc corpse You puncture the orc warrior!
The orc warrior is heavily wounded.
The bullfrog zombie hits you but does no damage.
You hit the orc warrior but do no damage.
The orc warrior is heavily wounded.
The bullfrog zombie hits you but does no damage.
The orc warrior hits you with a +0 long sword!
* * * LOW HITPOINT WARNING * * *
You hit the orc warrior.
The orc warrior is heavily wounded.
The bullfrog zombie completely misses you.
You barely miss the orc warrior.
The orc warrior is heavily wounded.
The orc warrior hits you with a +0 long sword.
* * * LOW HITPOINT WARNING * * *
Unknown command.
You hit the orc warrior but do no damage.
The orc warrior is heavily wounded.
The bullfrog zombie closely misses you.
You closely miss the orc warrior.
The orc warrior is heavily wounded.
The orc warrior hits you with a +0 long sword!
* * * LOW HITPOINT WARNING * * *
The bullfrog zombie hits you.
You die...

Skill      XL: |  1  2  3  4  5  6  7  8 |
---------------+-------------------------+-----
Polearms       | 5 6 7 8 9 11 12 13 | 13.6
Fighting       | |  2.1
Throwing       | |  2.0
Dodging        | |  4.0

Action                   |  1- 3 |  4- 6 |  7- 9 || total
-------------------------+-------+-------+-------++-------
Melee: Trident           |    76 |    95 |   132 ||   303
  Use: Scroll            |       |     5 |       ||     5
       Potion            |       |     2 |     1 ||     3
 Stab: Sleeping          |     1 |       |       ||     1
Armor: Leather armour    |    15 |    11 |       ||    26
       Ring mail         |       |    18 |    48 ||    66
Dodge: Dodged            |    37 |    50 |    73 ||   160

Levels and vault maps discovered:
D:1:      lightli_arrival_isolated_outpost, layout_basic
D:2:      layout_loops_cross, lightli_corner_chamber
D:3:      layout_loops_ring, columned_hall_lemuel
D:4:      layout_gridville
D:5:      layout_basic, grunt_dithmenos_smoke, grunt_ministairs_9,
          nicolae_ru_awakened_eye
D:6:      layout_layer_cave, uniq_duvessa
D:7:      layout_basic, nicolae_overflow_hidden_temple,
          grunt_temple_overflow_open, minmay_temple_entry_offerings,
          serial_shops, shop, basic_altar, minmay_crystal_water
D:8:      layout_rooms, kennysheep_generic_room_6, uniq_grum

Notes
Turn   | Place    | Note
-------+----------+-------------------------------------------
     0 | D:1      | Dracia the Merfolk Gladiator began the quest for the Orb.
     0 | D:1      | Reached XP level 1. HP: 16/16 MP: 1/1
   266 | D:1      | Reached skill level 5 in Polearms
   305 | D:1      | Reached XP level 2. HP: 22/22 MP: 2/2
  1117 | D:2      | Reached skill level 6 in Polearms
  1117 | D:2      | Reached XP level 3. HP: 16/27 MP: 3/3
  1645 | D:3      | Reached skill level 7 in Polearms
  1645 | D:3      | Reached XP level 4. HP: 32/33 MP: 4/4
  2218 | D:4      | Got a dazzling cloak
  2219 | D:4      | Identified the +2 cloak of Piageq {*Corrode rPois Str+4}
                  | (You found it on level 4 of the Dungeon)
  2235 | D:4      | Reached skill level 8 in Polearms
  2235 | D:4      | Reached XP level 5. HP: 38/38 MP: 5/5
  2660 | D:4      | Noticed a centaur
  2669 | D:4      | Killed a centaur
  2669 | D:4      | Reached skill level 9 in Polearms
  2669 | D:4      | Reached XP level 6. HP: 40/44 MP: 6/6
  2792 | D:4      | Learned a level 2 spell: Blink
  3033 | D:4      | Noticed a phantom
  3045 | D:4      | Killed a phantom
  3045 | D:4      | Reached skill level 10 in Polearms
  3176 | D:5      | Entered Level 5 of the Dungeon
  3301 | D:5      | Reached skill level 11 in Polearms
  3301 | D:5      | Reached XP level 7. HP: 43/50 MP: 7/7
  3382 | D:5      | You fall into a shaft and drop 3 floors!
  3391 | D:7      | Found a glowing golden altar of the Shining One.
  3391 | D:7      | Found a shimmering altar of Xom.
  3391 | D:7      | Found a hazy altar of Hepliaklqana.
  3462 | D:7      | Found a burning altar of Makhleb.
  3462 | D:7      | Found an opulent altar of Gozag.
  3463 | D:7      | Found an ancient bone altar of Kikubaaqudgha.
  3495 | D:7      | Reached skill level 12 in Polearms
  3625 | D:7      | Reached XP level 8. HP: 38/56 MP: 8/8
  3761 | D:7      | Reached skill level 13 in Polearms
  3994 | D:6      | HP: 1/56 [orc warrior/+0 long sword (11)]
  3994 | D:6      | Slain by a bullfrog zombie

Vanquished Creatures
  2 ice beasts (D:7)
  A phantom (D:4)
  3 centaurs
  A big kobold (D:7)
  A killer bee (D:7)
  3 wights (D:7)
  A hound (D:5)
  A quasit (D:5)
  A bullfrog skeleton (D:4)
  An orc priest (D:6)
  A centaur skeleton (D:4)
  An iguana (D:5)
  4 worker ants
  5 adders
  An adder skeleton (D:3)
  A worm (D:3)
  A dart slug (D:1)
  2 leopard geckos
  5 orcs
  4 giant cockroaches
  3 goblins
  3 hobgoblins
  3 jackals (D:7)
  3 quokkas
  A ball python (D:5)
  6 bats
  3 frilled lizards
  4 kobolds
  2 rats (D:1)
68 creatures vanquished.

Table legend: (Time is in decaauts)
 A = Elapsed time spent in this place.
 B = Non-inter-level travel time spent in this place.
 C = Inter-level travel time spent in this place.
 D = Time resting spent in this place.
 E = Time spent auto-exploring this place.
 F = Levels seen in this place.
 G = Mean time per level.
                   A        B        C        D        E       F      G
               +--------+--------+--------+--------+--------+-----+--------+
         Total |   3915 |   3791 |    124 |    526 |   2750 |   8 |  489.4 |
       Dungeon |   3915 |   3791 |    124 |    526 |   2750 |   8 |  489.4 |
               +--------+--------+--------+--------+--------+-----+--------+

Top non-repeatable levels by time:
     D:4: 957 daAuts
     D:2: 888 daAuts
     D:3: 703 daAuts
     D:1: 600 daAuts
     D:7: 488 daAuts
     D:5: 199 daAuts
     D:6: 69 daAuts
     D:8: 8 daAuts

Table legend:
 A = Non-vault XP
 B = Vault XP
 C = Vault XP percentage of total XP
 D = Non-vault monster count
 E = Vault monster count
 F = Vault count percentage of total count
                 A         B        C        D         E       F
            +---------+---------+-------+---------+---------+-------
      Total |    1588 |       0 |   0.0 |      68 |       0 |   0.0
            +---------+---------+-------+---------+---------+-------
        D:1 |      15 |       0 |   0.0 |       9 |       0 |   0.0
        D:2 |      28 |       0 |   0.0 |       9 |       0 |   0.0
        D:3 |      85 |       0 |   0.0 |      15 |       0 |   0.0
        D:4 |     402 |       0 |   0.0 |       8 |       0 |   0.0
        D:5 |     235 |       0 |   0.0 |       5 |       0 |   0.0
        D:6 |     176 |       0 |   0.0 |       6 |       0 |   0.0
        D:7 |     647 |       0 |   0.0 |      16 |       0 |   0.0
            +---------+---------+-------+---------+---------+-------
